[Event "Titled Tuesday Blitz March 01 Early 2022"]
[White "Sliwicki, Damian"]
[Black "Gabrielian, Artur"]
[WhiteFideId "1127128"]
[BlackFideId "4131002"]
[WhiteElo "2084"]
[BlackElo "2440"]
[Result "0-1"]
[Round "01"]
[TimeControl "180+1"]
[Date "2022.03.01"]
[WhiteClock "0:00:28"]
[BlackClock "0:00:13"]

1. e4 c5 2. Nf3 d6 3. d4 cxd4 4. Qxd4 Nc6 5. Bb5 Bd7 6. Bxc6 Bxc6 7. Nc3 Nf6 8. Bg5 e6 9. O-O-O Be7 10. Rhe1 O-O 11. Kb1 h6 12. Bh4 Re8 13. g4 Nxg4 14. Bxe7 Qxe7 15. Rg1 Nf6 16. Qe3 Kh8 17. Rg2 Rg8 18. Rdg1 Nh7 19. Ne2 e5 20. Ng3 g6 21. Qxh6 Qf6 22. Nf5 gxf5 23. Ng5 Rxg5 24. Qxf6+ Nxf6 25. Rxg5 Rg8 26. exf5 Rxg5 27. Rxg5 Kh7 28. Kc1 Kh6 29. h4 d5 30. Rg1 d4 31. Kd2 Ne4+ 32. Ke2 Nf6 33. f3 Bb5+ 34. Kf2 Bc6 35. Re1 e4 36. fxe4 Nxe4+ 37. Kf3 Nf6+ 38. Kf4 Nd5+ 39. Ke5 Ne3 40. Re2 Bf3 41. Re1 Nxc2 42. Rf1 Be2 43. Rg1 d3 44. Kf6 d2 45. Rg8 Kh5 46. Rd8 d1=Q 47. Rxd1 Bxd1 48. Kxf7 Nd4 49. f6 Bf3 50. Ke7 Bd5 51. Kd6 Bf7 52. Kc7 Bxa2 53. Kxb7 a5 54. Kb6 a4 55. Ka5 Bb3 56. f7 Ne6 57. Kb6 Kg6 58. Kb5 Kxf7 59. Kc6 Kf6 60. Kd6 Nd4 61. Kc5 Nf3 62. h5 Kg5 63. h6 Kxh6 64. Kb4 Kg5 65. Ka3 Kf4 66. Kb4 Ke3 67. Ka3 Kd2 68. Kb4 Kc1 69. Ka3 Kb1 70. Kb4 Kxb2 71. Ka5 a3 72. Kb4 a2 73. Ka5 a1=Q+ 74. Kb4 Qa3+ 75. Kb5 Nd4+ 76. Kb6 Qd6+ 77. Ka5 Qc5+ 78. Ka6 Qb5+ 79. Ka7 Nc6+ 80. Ka8 Qa6# 0-1


[Site "https://www.chess.com"]

[Event "Titled Tuesday Blitz March 01 Early 2022"]
[White "Sovetbekova, Nurai"]
[Black "Jary, Sergey"]
[WhiteFideId "13801910"]
[BlackFideId "14110350"]
[WhiteElo "1545"]
[BlackElo "2260"]
[Result "0-1"]
[Round "01"]
[TimeControl "180+1"]
[Date "2022.03.01"]
[WhiteClock "0:00:25"]
[BlackClock "0:01:08"]

1. d4 Nf6 2. c4 g6 3. g3 Bg7 4. Bg2 O-O 5. Nc3 d6 6. Nf3 Nbd7 7. O-O Re8 8. h3 e5 9. e4 exd4 10. Nxd4 Nc5 11. Re1 h6 12. Rb1 Bd7 13. b3 a5 14. Bb2 a4 15. b4 a3 16. bxc5 axb2 17. cxd6 cxd6 18. Rxb2 Rc8 19. Qd3 Qc7 20. Bf1 Bc6 21. Ndb5 Qa5 22. Nxd6 Rcd8 23. e5 Nh7 24. f4 Qc5+ 25. Kh2 Rxd6 26. Qe2 Rdd8 27. Nb5 h5 28. Nd6 Rxd6 0-1


[Site "https://www.chess.com"]

[Event "Titled Tuesday Blitz March 01 Early 2022"]
[White "Stromboli, Ettore"]
[Black "Pranav, V"]
[WhiteFideId "813761"]
[BlackFideId "25060783"]
[WhiteElo "2414"]
[BlackElo "2349"]
[Result "0-1"]
[Round "01"]
[TimeControl "180+1"]
[Date "2022.03.01"]
[WhiteClock "0:01:37"]
[BlackClock "0:02:48"]

1. e4 e5 2. Nf3 Nf6 3. Nxe5 Nc6 4. Nxc6 dxc6 5. Nc3 Bc5 6. Be2 h5 7. h3 Qd4 8. O-O Ng4 9. Qe1 Qe5 10. Bxg4 hxg4 11. d4 Bxd4 12. Ne2 gxh3 13. Bf4 Qh5 14. Ng3 Qh7 15. Rd1 hxg2 16. Kxg2 Qh3+ 17. Kf3 Bg4# 0-1


[Site "https://www.chess.com"]

[Event "Titled Tuesday Blitz March 01 Early 2022"]
[White "Svane, Rasmus"]
[Black "Kouskoutis, Georgios-Alexandros"]
[WhiteFideId "4657101"]
[BlackFideId "4234049"]
[WhiteElo "2645"]
[BlackElo "2130"]
[Result "1-0"]
[Round "01"]
[TimeControl "180+1"]
[Date "2022.03.01"]
[WhiteClock "0:01:16"]
[BlackClock "0:00:11"]

1. Nf3 d5 2. g3 Nf6 3. Bg2 c6 4. O-O Bg4 5. h3 Bxf3 6. Bxf3 e5 7. d3 Nbd7 8. e4 dxe4 9. dxe4 Bc5 10. Nd2 Qe7 11. Nb3 Bb6 12. Qe2 O-O 13. Bd2 Rfd8 14. Kg2 a5 15. a4 Nc5 16. Nxc5 Bxc5 17. Rfd1 h6 18. Be1 Bd4 19. Rab1 Nh7 20. h4 Nf8 21. c3 Bc5 22. Qc4 Bb6 23. Bg4 Rxd1 24. Rxd1 Rd8 25. Rxd8 Qxd8 26. Qb3 Qc7 27. Bd2 Bc5 28. Bh5 g6 29. Be2 h5 30. Bc4 Kg7 31. Qd1 Qe7 32. Qf3 Ne6 33. Bc1 Nc7 34. Bg5 f6 35. Bc1 b5 36. Bb3 Na8 37. axb5 cxb5 38. Qd3 Nc7 39. Qd2 a4 40. Qh6# 1-0


[Site "https://www.chess.com"]

[Event "Titled Tuesday Blitz March 01 Early 2022"]
[White "Sychev, Klementy"]
[Black "Belyakov, Bogdan"]
[WhiteFideId "4114060"]
[BlackFideId "24104795"]
[WhiteElo "2564"]
[BlackElo "2407"]
[Result "0-1"]
[Round "01"]
[TimeControl "180+1"]
[Date "2022.03.01"]
[WhiteClock "0:00:01"]
[BlackClock "0:00:07"]

1. e4 e5 2. f4 d5 3. exd5 exf4 4. Nf3 Nf6 5. Bb5+ c6 6. dxc6 Nxc6 7. Nc3 Bd6 8. Qe2+ Be6 9. Ng5 O-O 10. Nxe6 fxe6 11. Bxc6 bxc6 12. b3 e5 13. Bb2 Kh8 14. O-O-O a5 15. d4 e4 16. Nxe4 Re8 17. Nxd6 Qxd6 18. Qf3 a4 19. Rhe1 Reb8 20. d5 cxd5 21. Rd4 axb3 22. axb3 Rc8 23. Qxf4 Qc5 24. Re2 Ra2 25. Rd3 h6 26. Qd4 Qc7 27. Rc3 Qb8 28. Rxc8+ Qxc8 29. Qf4 Ra6 30. h3 Ne4 31. Qe5 Qb7 32. c4 Nf6 33. Qf5 Qxb3 34. Bxf6 Qxc4+ 35. Rc2 Rxf6 36. Rc3 Qxc3+ 0-1


[Site "https://www.chess.com"]

[Event "Titled Tuesday Blitz March 01 Early 2022"]
[White "Szpar, Milosz"]
[Black "Tarasova, Viktoriya"]
[WhiteFideId "1184989"]
[BlackFideId "4175840"]
[WhiteElo "2447"]
[BlackElo "2182"]
[Result "1-0"]
[Round "01"]
[TimeControl "180+1"]
[Date "2022.03.01"]
[WhiteClock "0:01:23"]
[BlackClock "0:00:01"]

1. e4 e5 2. Nf3 Nc6 3. Bb5 Nf6 4. d3 Bc5 5. O-O Nd4 6. Nxd4 Bxd4 7. c3 Bb6 8. Na3 c6 9. Ba4 Bc7 10. Re1 O-O 11. Bg5 h6 12. Bh4 b5 13. Bb3 a5 14. Bc2 g5 15. Bg3 Re8 16. Rc1 Rb8 17. Nb1 d5 18. Nd2 Bg4 19. f3 Bd7 20. Nf1 Nh5 21. Ne3 Nxg3 22. hxg3 Bb6 23. Kh1 Bxe3 24. Rxe3 Qf6 25. Qd2 Kg7 26. Rce1 h5 27. exd5 cxd5 28. d4 exd4 29. cxd4 Rxe3 30. Rxe3 Re8 31. Rxe8 Bxe8 32. Qd3 Qg6 33. Qc3 Qf6 34. Kg1 Qe7 35. Kf2 b4 36. Qd3 Kf8 37. Bb3 Qf6 38. Bxd5 Qd6 39. Be4 h4 40. gxh4 gxh4 41. Qe3 Qg3+ 42. Kg1 Bb5 43. Qh6+ Ke7 44. Qe3 1-0


[Site "https://www.chess.com"]

[Event "Titled Tuesday Blitz March 01 Early 2022"]
[White "Talibov, Shiroghlan"]
[Black "Moskvin, Anatoly"]
[WhiteFideId "13429078"]
[BlackFideId "24199990"]
[WhiteElo "2070"]
[BlackElo "2079"]
[Result "1-0"]
[Round "01"]
[TimeControl "180+1"]
[Date "2022.03.01"]
[WhiteClock "0:00:04"]
[BlackClock "0:00:04"]

1. c4 e5 2. Nc3 Nc6 3. Nf3 Bc5 4. e4 d6 5. Be2 Bg4 6. Nxe5 Bxe2 7. Nxc6 Bxd1 8. Nxd8 Bg4 9. Nxb7 Bb6 10. a4 a5 11. Nd5 Kd7 12. b4 Bd4 13. Rb1 c6 14. Bb2 Bxb2 15. Nb6+ Kc7 16. Nxa8+ Kxb7 17. bxa5 Kxa8 18. Rxb2 Nf6 19. f3 Be6 20. d3 Rb8 21. Rxb8+ Kxb8 22. Kd2 Ka7 23. Rb1 Nd7 24. d4 Bxc4 25. Kc3 d5 26. exd5 Bxd5 27. Re1 Ka6 28. Kb4 Nf8 29. Re7 Ng6 30. Re8 Nh4 31. Ra8+ Kb7 32. Rh8 Nxg2 33. Rxh7 g6 34. h4 Nf4 35. Kc5 Nd3+ 36. Kd6 Nb2 37. f4 Nxa4 38. Ke7 Nc3 39. f5 gxf5 40. h5 Ne2 41. Rg7 Nxd4 42. h6 f4 43. h7 Nf5+ 44. Kf6 Nxg7 45. h8=Q f3 46. Qh2 Ne6 47. Qb2+ Kc8 48. Ke7 c5 49. a6 f2 50. Qxf2 Kb8 51. Qb2+ Ka7 52. Kd6 Kxa6 53. Kxd5 Ka7 54. Qa2+ Kb7 55. Kd6 Kb6 56. Qb2+ Ka5 57. Qf6 Kb4 58. Qxf7 Nd4 59. Qb7+ Kc3 60. Kxc5 1-0


[Site "https://www.chess.com"]

[Event "Titled Tuesday Blitz March 01 Early 2022"]
[White "Tanenbaum, Zachary"]
[Black "Matveeva, Olga"]
[WhiteFideId "2060850"]
[BlackFideId "24107018"]
[WhiteElo "2168"]
[BlackElo "2083"]
[Result "1-0"]
[Round "01"]
[TimeControl "180+1"]
[Date "2022.03.01"]
[WhiteClock "0:00:34"]
[BlackClock "0:00:35"]

1. e4 e6 2. d4 d5 3. Nc3 Nf6 4. Bg5 Bb4 5. e5 h6 6. Bd2 Bxc3 7. bxc3 Ne4 8. Qg4 Kf8 9. Bd3 Nxd2 10. Kxd2 c5 11. h4 c4 12. Be2 Nc6 13. Nf3 b5 14. Rhb1 Rb8 15. h5 Bd7 16. Qf4 a5 17. a3 Qe7 18. g4 b4 19. axb4 axb4 20. cxb4 Rxb4 21. g5 hxg5 22. Nxg5 c3+ 23. Kxc3 Rxd4 24. Ra8+ Be8 25. Qe3 Qc5+ 26. Kb2 Rb4+ 27. Kc1 d4 28. Qf3 Nxe5 29. Nxe6+ Ke7 30. Nxc5 Rxb1+ 31. Kxb1 Nxf3 32. Bxf3 g6 33. hxg6 fxg6 34. Bc6 1-0


[Site "https://www.chess.com"]

[Event "Titled Tuesday Blitz March 01 Early 2022"]
[White "Tarhan, Adar"]
[Black "Muhammed, Shuaau"]
[WhiteFideId "34544712"]
[BlackFideId "16700406"]
[WhiteElo "1802"]
[BlackElo "1674"]
[Result "0-1"]
[Round "01"]
[TimeControl "180+1"]
[Date "2022.03.01"]
[WhiteClock "0:01:37"]
[BlackClock "0:00:56"]

1. e4 e5 2. Nf3 Nc6 3. Bc4 Nf6 4. Ng5 d5 5. exd5 Na5 6. Bb5+ c6 7. dxc6 bxc6 8. Bd3 Nd5 9. Nf3 Bd6 10. Nc3 O-O 11. O-O Nf4 12. Be4 f5 13. Bd3 e4 14. Nxe4 fxe4 15. Bxe4 Bf5 16. d3 Bxe4 17. dxe4 Bc7 18. Qe1 Nc4 19. b3 Ne5 20. Nxe5 Bxe5 21. Rb1 Qg5 22. g3 Qg4 23. Bxf4 Rxf4 24. Qa5 Rxe4 25. f3 Bd4+ 26. Kh1 Qe6 27. Rbd1 Bb6 28. Qc3 Re3 29. Qb4 Re8 30. Rd6 Qh3 31. Qc4+ Kh8 32. Rdd1 Re2 33. Rd2 Qxh2# 0-1


[Site "https://www.chess.com"]

[Event "Titled Tuesday Blitz March 01 Early 2022"]
[White "Tari, Aryan"]
[Black "Dobre, Claudiu-Cristian"]
[WhiteFideId "1510045"]
[BlackFideId "1211854"]
[WhiteElo "2567"]
[BlackElo "2207"]
[Result "1-0"]
[Round "01"]
[TimeControl "180+1"]
[Date "2022.03.01"]
[WhiteClock "0:00:32"]
[BlackClock "0:00:14"]

1. c4 c6 2. d4 d5 3. Nf3 Nf6 4. e3 Bg4 5. Nbd2 e6 6. h3 Bh5 7. g4 Bg6 8. Ne5 Nfd7 9. Nxg6 hxg6 10. Bg2 f5 11. Nf3 Bd6 12. Qb3 Qb6 13. c5 Qxb3 14. axb3 Bc7 15. b4 a5 16. Bd2 a4 17. Ke2 b5 18. b3 a3 19. Ra2 Nf6 20. Rha1 Ne4 21. Be1 Kd7 22. Rxa3 Rxa3 23. Rxa3 Kc8 24. Nd2 Nxd2 25. Bxd2 Kb7 26. f3 Nd7 27. e4 Ra8 28. Rxa8 Kxa8 29. gxf5 gxf5 30. exf5 exf5 31. h4 Nf6 32. Bg5 Bd8 33. Bh3 g6 34. h5 gxh5 35. Bxf5 Kb7 36. Kf1 Kc7 37. Bf4+ Kb7 38. Kg2 Ng8 39. Bg6 h4 40. Kh3 Bf6 41. Be3 Ne7 42. Bd3 Kc8 43. Kg4 Kd7 44. f4 Ke6 45. f5+ Kf7 46. Bf2 Kg7 47. Bxh4 Ng8 48. Bf2 Nh6+ 49. Kh5 Nf7 50. Be3 Kh7 51. Be2 Kg7 52. Bf3 Kh7 53. Bd1 Kg7 54. Bc2 Kh7 55. Kg4 Kg7 56. Bf2 Nh6+ 57. Kf3 Nf7 58. Ke3 Kh7 59. Bg3 Kg7 60. Bd1 Nd8 61. Bh5 Kf8 62. Bd6+ Kg7 63. Be5 Nf7 64. Bxf7 Bxe5 65. Be8 Bc7 66. Bxc6 Kf6 67. Bxd5 Kxf5 68. Bc6 Bf4+ 69. Kd3 Bg3 70. Bxb5 Be1 71. Kc4 Ke4 72. Bc6+ Kf5 73. b5 1-0


[Site "https://www.chess.com"]

[Event "Titled Tuesday Blitz March 01 Early 2022"]
[White "Tashkov, Rumen"]
[Black "Li, Ben"]
[WhiteFideId "2904004"]
[BlackFideId "2089980"]
[WhiteElo "2181"]
[BlackElo "2267"]
[Result "0-1"]
[Round "01"]
[TimeControl "180+1"]
[Date "2022.03.01"]
[WhiteClock "0:00:25"]
[BlackClock "0:00:46"]

1. d4 d5 2. c4 e6 3. Nf3 Nf6 4. g3 dxc4 5. Bg2 Bd7 6. Ne5 Bc6 7. Nxc6 Nxc6 8. Qa4 Qd7 9. Bxc6 Qxc6 10. Qxc6+ bxc6 11. O-O c5 12. dxc5 Bxc5 13. Nd2 c3 14. bxc3 Rb8 15. Nb3 Be7 16. Be3 a6 17. Rfd1 O-O 18. Na5 Rb2 19. Kf1 Ng4 20. Bc1 Rb5 21. Nc6 Bc5 22. f3 Ne3+ 23. Bxe3 Bxe3 24. Rd3 Bb6 25. Nd4 Rb2 26. Ke1 Rd8 27. h3 e5 28. Nf5 Rxd3 29. exd3 Kf8 30. d4 exd4 31. cxd4 Rh2 32. h4 Rh1+ 0-1


[Site "https://www.chess.com"]

[Event "Titled Tuesday Blitz March 01 Early 2022"]
[White "Terzi, Alexei"]
[Black "Mkrtchyan, Mariam"]
[WhiteFideId "13505076"]
[BlackFideId "13310828"]
[WhiteElo "2031"]
[BlackElo "1984"]
[Result "1/2-1/2"]
[Round "01"]
[TimeControl "180+1"]
[Date "2022.03.01"]
[WhiteClock "0:00:27"]
[BlackClock "0:00:33"]

1. e4 c6 2. d4 d5 3. Nc3 dxe4 4. Nxe4 Nf6 5. Nxf6+ exf6 6. Nf3 Bd6 7. Bc4 O-O 8. O-O Nd7 9. Bb3 Re8 10. Qd3 Nf8 11. Bd2 Bg4 12. Rfe1 Qd7 13. Rxe8 Rxe8 14. Re1 Rxe1+ 15. Bxe1 Bf5 16. Qe3 Qe7 17. Qxe7 Bxe7 18. Bd2 Be6 19. Kf1 Nd7 20. Ke2 Kf8 21. Kd3 Bf5+ 22. Ke3 Be6 23. c4 Nb6 24. Kd3 Bf5+ 25. Kc3 Ke8 26. a3 h5 27. Bd1 Be6 28. b3 g6 29. Be2 Nc8 30. b4 Nd6 31. Bd3 Bf5 32. Ne1 Bxd3 33. Kxd3 f5 34. Bf4 Ne4 35. f3 Nf6 36. Nc2 Kd7 37. Bb8 a6 38. Ne3 Ke6 39. Be5 Nd7 40. Bf4 g5 41. Bc7 f4 42. d5+ Kf6 43. dxc6 bxc6 44. Nc2 Kg6 45. c5 Bf6 46. Nd4 Bxd4 47. Kxd4 Kf5 48. a4 Ke6 49. h3 h4 50. Kc4 f5 51. Bd6 Nf6 52. b5 axb5+ 53. axb5 cxb5+ 54. Kxb5 Nd5 55. Bb8 Kd7 56. c6+ Kc8 57. Bd6 Ne3 58. Be7 g4 59. hxg4 fxg4 60. fxg4 Nxg4 61. Bxh4 Ne3 62. Bg5 Nxg2 63. Bxf4 Nxf4 64. c7 Ne6 65. Kc6 Nxc7 1/2-1/2


[Site "https://www.chess.com"]

[Event "Titled Tuesday Blitz March 01 Early 2022"]
[White "Titichoca Daza, Daniel"]
[Black "Kett, Tim"]
[WhiteFideId "3309550"]
[BlackFideId "1801210"]
[WhiteElo "1968"]
[BlackElo "2098"]
[Result "0-1"]
[Round "01"]
[TimeControl "180+1"]
[Date "2022.03.01"]
[WhiteClock "0:00:36"]
[BlackClock "0:00:42"]

1. d4 d5 2. c4 e6 3. Nc3 Nf6 4. Bg5 Be7 5. cxd5 exd5 6. e3 c6 7. Bd3 O-O 8. Qc2 Nbd7 9. Nf3 Re8 10. Ne5 h6 11. Bxf6 Nxf6 12. O-O-O c5 13. Bb5 Rf8 14. dxc5 Bxc5 15. Kb1 Qa5 16. Bd3 Be6 17. Qb3 d4 18. Qa4 Qb6 19. exd4 Bxd4 20. Qxd4 Qxd4 21. Bh7+ Kxh7 22. Rxd4 Rad8 23. Rhd1 Rxd4 24. Rxd4 Re8 25. Nd3 Bf5 26. Kc2 Ng4 27. Kd2 Bxd3 28. Rxd3 Nxf2 29. Rf3 Ne4+ 30. Nxe4 Rxe4 31. Rxf7 Rb4 32. Kc3 Rb6 33. b4 Kg6 34. Rxb7 Rxb7 0-1


[Site "https://www.chess.com"]

[Event "Titled Tuesday Blitz March 01 Early 2022"]
[White "Todorovic, Bojan"]
[Black "FGHSMN"]
[WhiteFideId "917087"]
[WhiteElo "2266"]
[BlackElo "2698"]
[Result "1-0"]
[Round "01"]
[TimeControl "180+1"]
[Date "2022.03.01"]
[WhiteClock "0:00:10"]
[BlackClock "0:00:10"]

1. Nf3 c5 2. g3 g6 3. Bg2 Bg7 4. O-O Nc6 5. c3 e5 6. d4 exd4 7. cxd4 Nxd4 8. Nxd4 Bxd4 9. Nc3 Ne7 10. Bg5 h6 11. Bf4 g5 12. Bd6 Nf5 13. Nb5 Nxd6 14. Nxd6+ Kf8 15. e3 Bf6 16. Qd5 Qe7 17. Qxc5 Be5 18. Rfd1 Bxd6 19. Rxd6 Kg7 20. Qd4+ f6 21. Rc1 Rd8 22. Rc7 Rb8 23. h4 b5 24. hxg5 hxg5 25. Rc5 Rb6 26. Rxg5+ Kf8 27. Rxb6 axb6 28. Bd5 Qd6 29. Rg8+ Ke7 30. Rg7+ Kf8 31. Rf7+ Ke8 32. Rxf6 Qe7 33. Rh6 Qg5 34. Rh7 d6 35. Qh8+ 1-0


[Site "https://www.chess.com"]

[Event "Titled Tuesday Blitz March 01 Early 2022"]
[White "Tologon tegin, Semetei"]
[Black "Escudero Donoso, Felipe"]
[WhiteFideId "13800574"]
[BlackFideId "3410595"]
[WhiteElo "2258"]
[BlackElo "2184"]
[Result "1/2-1/2"]
[Round "01"]
[TimeControl "180+1"]
[Date "2022.03.01"]
[WhiteClock "0:00:08"]
[BlackClock "0:00:01"]

1. e4 c5 2. Nc3 g6 3. Bc4 Nc6 4. f4 Bg7 5. Nf3 e6 6. O-O Nge7 7. e5 d5 8. exd6 Qxd6 9. Ne4 Qc7 10. d3 b6 11. c3 Bb7 12. Qe2 O-O 13. Neg5 h6 14. Nxf7 Rxf7 15. Bxe6 Nf5 16. g4 Re8 17. gxf5 gxf5 18. Bxf7+ Qxf7 19. Qf2 Kh8 20. Bd2 Ne7 21. h3 Rg8 22. Kh2 Ng6 23. Rg1 Bf6 24. Rae1 Qd5 25. Re3 Bh4 26. Nxh4 Nxh4 27. Rxg8+ Kxg8 28. Qg1+ Kf7 29. Be1 Nf3+ 30. Rxf3 Qxf3 31. Bg3 Qe2+ 32. Qf2 Qxd3 33. h4 Qe4 34. Qf1 Qc2+ 35. Qf2 Qe4 36. Qf1 Qc2+ 37. Kh3 Qe4 38. h5 Qf3 39. Qxf3 Bxf3 40. Kh4 Bg4 41. Bf2 Ke6 42. Be3 Kd5 43. b3 Ke4 44. Bc1 Kd3 45. c4 Kc2 46. Be3 Kb2 47. Bd2 Kxa2 48. Bc3 Kxb3 49. Bg7 a5 50. Bxh6 a4 51. Bg7 Bxh5 52. Kxh5 Kxc4 53. Kg5 b5 54. Kxf5 b4 55. Ke4 b3 56. f5 a3 57. f6 b2 58. f7 b1=Q+ 59. Ke5 Qf1 60. f8=Q Qxf8 61. Bxf8 Kb3 62. Bg7 c4 63. Ke4 c3 64. Kd3 c2 65. Kd2 a2 66. Kc1 1/2-1/2


[Site "https://www.chess.com"]

[Event "Titled Tuesday Blitz March 01 Early 2022"]
[White "Tomiello, Mateus Costamilan"]
[Black "Nakamura, Hikaru"]
[WhiteFideId "22701958"]
[BlackFideId "2016192"]
[WhiteElo "1975"]
[BlackElo "2850"]
[Result "0-1"]
[Round "01"]
[TimeControl "180+1"]
[Date "2022.03.01"]
[WhiteClock "0:00:02"]
[BlackClock "0:00:15"]

1. e4 g6 2. d4 Bg7 3. Nf3 a6 4. c4 d6 5. Be2 Bg4 6. O-O Nc6 7. Be3 Bxf3 8. Bxf3 e5 9. d5 Nd4 10. Nc3 Ne7 11. Bg4 O-O 12. f4 f5 13. Bh3 c5 14. fxe5 dxe5 15. Qd3 f4 16. Bxd4 exd4 17. Ne2 Qd6 18. Kh1 b5 19. Ng1 bxc4 20. Qxc4 Rab8 21. b3 Rb4 22. Qd3 g5 23. Nf3 Ng6 24. Be6+ Kh8 25. Nxg5 Ne5 26. Qh3 h6 27. Bf5 c4 28. bxc4 Nxc4 29. Ne6 Ne3 30. Rxf4 Rfb8 31. Rg1 Rb1 32. Rh4 Kg8 33. Rxh6 Rxg1+ 34. Kxg1 Rb1+ 35. Kf2 Rf1+ 36. Ke2 d3+ 37. Kxe3 Qb6+ 38. Kxd3 Qb5+ 39. Ke3 Qb6+ 40. Ke2 Qf2+ 41. Kd3 Rd1+ 42. Kc4 Qc2+ 43. Kb4 Rb1+ 44. Ka5 Qxa2+ 0-1


[Site "https://www.chess.com"]

[Event "Titled Tuesday Blitz March 01 Early 2022"]
[White "Tsyhanchuk, Stanislav"]
[Black "Timofeev, Artyom"]
[WhiteFideId "13505130"]
[BlackFideId "4140419"]
[WhiteElo "2078"]
[BlackElo "2583"]
[Result "1/2-1/2"]
[Round "01"]
[TimeControl "180+1"]
[Date "2022.03.01"]
[WhiteClock "0:02:56"]
[BlackClock "0:02:52"]

1. d4 d5 2. c4 dxc4 3. e4 Nf6 4. e5 Nd5 5. Bxc4 Nc6 6. Nf3 Nb6 7. Bb3 Bg4 8. Ng5 Bxd1 9. Bxf7+ Kd7 10. Be6+ Ke8 11. Bf7+ Kd7 12. Be6+ Ke8 13. Bf7+ Kd7 1/2-1/2


[Site "https://www.chess.com"]

[Event "Titled Tuesday Blitz March 01 Early 2022"]
[White "Tymrakiewicz, Rafal"]
[Black "Abdisalimov, Abdimalik"]
[WhiteFideId "1108832"]
[BlackFideId "14206323"]
[WhiteElo "2205"]
[BlackElo "2401"]
[Result "0-1"]
[Round "01"]
[TimeControl "180+1"]
[Date "2022.03.01"]
[WhiteClock "0:00:03"]
[BlackClock "0:00:35"]

1. d4 Nf6 2. Bg5 c5 3. d5 Ne4 4. Bc1 e6 5. f3 Nf6 6. c4 exd5 7. cxd5 Bd6 8. Nc3 O-O 9. e4 Re8 10. Bg5 a6 11. a4 Nxe4 12. Nxe4 Qxg5 13. Ne2 Qg6 14. Qd2 Bf8 15. O-O-O b5 16. Nf4 Qb6 17. a5 Qd8 18. Bd3 d6 19. h4 c4 20. Bc2 Nd7 21. Ng5 Nf6 22. Nh5 g6 23. Nf4 Bh6 24. Qd4 Bg7 25. Qd2 c3 26. bxc3 Qxa5 27. h5 Qa1+ 28. Bb1 Bf5 29. Qb2 Qxb1+ 30. Qxb1 Bxb1 31. Kxb1 h6 32. Nxf7 Kxf7 33. hxg6+ Kg8 34. Ne6 Rac8 35. Rd3 Rc4 36. Rhd1 Rec8 37. Kb2 Nd7 38. Nxg7 Kxg7 39. Re3 Nc5 40. Re7+ Kxg6 41. g4 Na4+ 42. Ka1 Nxc3 43. Rde1 Rf8 44. R1e6+ Rf6 45. Rd7 Nxd5 46. Rdxd6 Rxe6 47. Rxe6+ Nf6 48. Kb2 a5 49. Kb3 a4+ 50. Kb2 b4 51. Kb1 b3 52. Kb2 Rc2+ 53. Kb1 a3 54. f4 a2+ 55. Ka1 Rc1+ 0-1


[Site "https://www.chess.com"]

[Event "Titled Tuesday Blitz March 01 Early 2022"]
[White "Urazayev, Arystanbek"]
[Black "Manukyan, Sargis A."]
[WhiteFideId "13709810"]
[BlackFideId "13303970"]
[WhiteElo "2321"]
[BlackElo "2187"]
[Result "0-1"]
[Round "01"]
[TimeControl "180+1"]
[Date "2022.03.01"]
[WhiteClock "0:01:55"]
[BlackClock "0:01:15"]

1. e4 c5 2. Nf3 d6 3. d4 cxd4 4. Nxd4 Nf6 5. Nc3 g6 6. Be3 Bg7 7. f3 O-O 8. Qd2 Nc6 9. O-O-O d5 10. Qe1 e5 11. Nxc6 bxc6 12. exd5 Nxd5 13. Bc4 Be6 14. Ne4 Qc7 15. Bc5 Rfd8 16. Qh4 h6 17. g4 a5 18. g5 h5 19. Nf6+ Nxf6 20. Bxe6 Nd5 21. Bh3 Nf4 22. Rxd8+ Rxd8 23. Bf1 e4 24. fxe4 Qe5 25. Ba3 Qxe4 0-1


[Site "https://www.chess.com"]

[Event "Titled Tuesday Blitz March 01 Early 2022"]
[White "Urbina Perez, Juan Antonio"]
[Black "Jones, Gawain C B"]
[WhiteFideId "2217368"]
[BlackFideId "409561"]
[WhiteElo "2192"]
[BlackElo "2657"]
[Result "1/2-1/2"]
[Round "01"]
[TimeControl "180+1"]
[Date "2022.03.01"]
[WhiteClock "0:00:08"]
[BlackClock "0:00:03"]

1. e4 e5 2. Nf3 Nc6 3. Bc4 Bc5 4. c3 Nf6 5. d3 d6 6. O-O h6 7. Re1 O-O 8. h3 Re8 9. Bb3 Bb6 10. a4 Be6 11. Nbd2 d5 12. exd5 Bxd5 13. Ne4 Bxe4 14. dxe4 Qxd1 15. Bxd1 Rad8 16. Bc2 a5 17. Nd2 Bc5 18. Nc4 Rd7 19. Ne3 Red8 20. Kf1 g6 21. Ng4 Nxg4 22. hxg4 Kg7 23. Ke2 b6 24. f3 Rd6 25. Rd1 Nb8 26. Rxd6 Rxd6 27. Bd2 Nc6 28. Rd1 Rd8 29. Be1 Kf6 30. Rxd8 Nxd8 31. Bh4+ g5 32. Bg3 Bd6 33. Bb3 Kg6 34. Bd5 Kf6 35. Bf2 Ne6 36. Be3 Nf8 37. Kd3 Ng6 38. Ke2 Ke7 39. Bc4 Nf8 40. Bd5 Nd7 41. Bc6 Nf6 42. Bb5 Ke6 43. Bc4+ Ke7 44. Bb5 Nh7 45. Bc4 Nf8 46. Bd5 f6 47. Bc6 Ng6 48. Bd5 Bc5 49. Bd2 Kd6 50. Bf7 Ne7 51. Kd3 Bg1 52. Ke2 Nc8 53. Bd5 c6 54. Bf7 Ke7 55. Bc4 Nd6 56. Bd3 Bh2 57. b4 Bf4 58. Be1 c5 59. bxc5 bxc5 60. c4 Nb7 61. Kd1 Be3 62. Kc2 Kd6 63. Kb3 Kc7 64. Be2 Kc6 65. Bd3 Kb6 66. Be2 Nd8 67. Bd3 Ne6 68. Kb2 Bd4+ 69. Kb3 Bg1 70. Bf1 Nd4+ 71. Kb2 Nc6 72. Kb3 Bd4 73. Bd2 Ka6 74. Be1 Na7 75. Bd2 Nc8 76. Be1 Ne7 77. Be2 Nc6 78. Bf1 Be3 79. Kb2 Nd4 80. Kc3 Bc1 81. Bf2 Ne6 82. Be1 Ba3 83. Kb3 Bb4 84. Bf2 Kb6 85. Be3 Kc6 86. Be2 Kd6 87. Bf1 Ke7 88. Be2 Kf7 89. Bf1 Kg7 90. Be2 Kg6 91. Bf1 h5 92. gxh5+ Kxh5 93. g4+ Kg6 94. Be2 Kf7 95. Bf1 Ke7 96. Be2 Be1 97. Bf1 Kd6 98. Kc2 Bg3 99. Be2 Bf4 100. Bf2 Kc6 101. Be1 Be3 102. Kd3 Bd4 103. Bxa5 Nf4+ 104. Kd2 Ne6 105. Kd1 Kb7 106. Bd2 Ka6 107. Kc2 Nc7 108. Kd1 Na8 109. Kc2 Nb6 110. Kb3 Nc8 111. Kc2 Na7 112. Kb3 Nc6 113. Kc2 Bf2 114. Bc3 Be3 115. Kb3 Bd4 116. Bd2 Ba1 117. Be3 Bd4 118. Bd2 Bf2 119. Kc2 Nd4+ 120. Kd1 Bg3 121. Bc3 Ne6 122. Bd2 Bf2 123. Bc1 Bd4 124. Bd2 Nc7 125. Kc2 Na8 126. Kb3 Nc7 127. Kc2 Ne8 1/2-1/2


[Site "https://www.chess.com"]

[Event "Titled Tuesday Blitz March 01 Early 2022"]
[White "Urbina Quiroz, Edwin"]
[Black "Dziththauly, Ramadhan"]
[WhiteFideId "6500650"]
[BlackFideId "7105525"]
[WhiteElo "2130"]
[BlackElo "2609"]
[Result "0-1"]
[Round "01"]
[TimeControl "180+1"]
[Date "2022.03.01"]
[WhiteClock "0:00:03"]
[BlackClock "0:00:21"]

1. e4 c5 2. Nf3 d6 3. d4 cxd4 4. Nxd4 Nf6 5. Nc3 a6 6. Bc4 e6 7. Bb3 b5 8. O-O Nbd7 9. f4 Nc5 10. e5 Nfe4 11. Nxe4 Nxe4 12. Qf3 d5 13. f5 Bc5 14. c3 exf5 15. Be3 O-O 16. Nxf5 Bxf5 17. Bxc5 Nxc5 18. Qxf5 Nxb3 19. axb3 Qb6+ 20. Qf2 Qe6 21. Qd4 Rfe8 22. Rad1 Rad8 23. Rfe1 Qf5 24. c4 f6 25. exf6 Rxe1+ 26. Rxe1 Qxf6 27. Qxf6 gxf6 28. Rd1 d4 29. Kf2 Kf7 30. Rd2 Ke6 31. Ke2 Ke5 32. Kd3 f5 33. Re2+ Kf4 34. Rf2+ Kg4 35. g3 h5 36. Rf4+ Kg5 37. Rxd4 Rb8 38. h4+ Kf6 39. Rd6+ Ke5 40. c5 a5 41. Rb6 Rd8+ 42. Kc3 b4+ 43. Kc4 Rd2 44. Kb5 Rxb2 45. c6 Kd6 46. Rb7 Rc2 47. Rd7+ Ke6 48. Rd3 Rc3 49. Rxc3 bxc3 50. c7 Kd7 51. c8=Q+ Kxc8 0-1


[Site "https://www.chess.com"]